[Event "Titled Tuesday Blitz February 14 Late 2023"]
[White "Novikov, Evgenij"]
[Black "Nunez V, Gustavo Eduardo"]
[WhiteFideId "4125380"]
[BlackFideId "4403690"]
[WhiteElo "2276"]
[BlackElo "2212"]
[Result "1-0"]
[Round "02"]
[TimeControl "180+2"]
[Date "2023.02.14"]
[WhiteClock "0:00:11"]
[BlackClock "0:00:15"]

1. d4 Nf6 2. Nf3 g6 3. c4 Bg7 4. Nc3 d6 5. e4 O-O 6. Be2 e5 7. d5 Nbd7 8. O-O Nc5 9. Qc2 a5 10. Bg5 h6 11. Be3 Ng4 12. Bxc5 dxc5 13. h3 Nf6 14. Nxe5 Re8 15. Nf3 Nh5 16. Rfe1 Nf4 17. Bf1 Bd7 18. Qd2 Qf6 19. Kh2 Nxh3 20. e5 Qf4+ 21. Qxf4 Nxf4 22. g3 Nh5 23. Bh3 Bxh3 24. Kxh3 f6 25. e6 Bf8 26. Nh4 Kh7 27. Ne2 Bd6 28. f4 f5 29. Nf3 Nf6 30. Nc3 Re7 31. a4 Rg8 32. Nh4 Ng4 33. Re2 Rf8 34. Rh1 g5 35. fxg5 h5 36. Nf3 Kg6 37. Kg2 f4 38. Nh4+ Kxg5 39. Ne4+ Kh6 40. Rf1 Rg7 41. Nxd6 cxd6 42. Rxf4 Rxf4 43. gxf4 Ne5+ 44. Kf2 Ng4+ 45. Ke1 Re7 46. Nf5+ Kg6 47. Nxe7+ Kf6 48. Nc8 h4 49. e7 h3 50. e8=Q h2 51. Re6+ Kf5 52. Qg6+ Kxf4 53. Re4+ Kf3 54. Qxg4# 1-0


[Site "https://www.chess.com"]

[Event "Titled Tuesday Blitz February 14 Late 2023"]
[White "Ruiz Aguilar, Pablo Alexander"]
[Black "Urbina Perez, Juan Antonio"]
[WhiteFideId "4401352"]
[BlackFideId "2217368"]
[WhiteElo "2161"]
[BlackElo "2266"]
[Result "0-1"]
[Round "02"]
[TimeControl "180+2"]
[Date "2023.02.14"]
[WhiteClock "0:00:01"]
[BlackClock "0:00:11"]

1. e4 e5 2. Nf3 Nf6 3. Nc3 Nc6 4. Bb5 Bb4 5. O-O O-O 6. Nd5 Nxd5 7. exd5 Nd4 8. Nxd4 exd4 9. c4 a6 10. Ba4 d6 11. d3 Bd7 12. Bxd7 Qxd7 13. Qh5 Rfe8 14. a3 Bc5 15. b4 Bb6 16. Bf4 a5 17. Rae1 axb4 18. axb4 Qa4 19. b5 Qc2 20. Qf5 Rad8 21. Bg5 Ra8 22. Qd7 Rec8 23. Qf5 h6 24. Re7 Rf8 25. Bxh6 gxh6 26. Qg4+ Kh8 27. Qf4 Qxd3 28. Qxh6+ Qh7 29. Qf6+ Qg7 30. Qh4+ Qh7 31. Qf6+ Kg8 32. Re4 Qg6 33. Qf3 f5 34. Re6 Qg4 35. Qd3 Rae8 36. Rfe1 Rxe6 37. Rxe6 Kg7 38. h3 Qg5 39. Qe2 Rf7 40. Re8 d3 41. Qe6 Qc1+ 0-1


[Site "https://www.chess.com"]

[Event "Titled Tuesday Blitz February 14 Late 2023"]
[White "Donskov, Anatoly"]
[Black "Gerbelli Neto, Eduardo"]
[WhiteFideId "24143413"]
[BlackFideId "2103281"]
[WhiteElo "2279"]
[BlackElo "2114"]
[Result "0-1"]
[Round "02"]
[TimeControl "180+2"]
[Date "2023.02.14"]
[WhiteClock "0:00:03"]
[BlackClock "0:00:14"]

1. e4 e5 2. Nf3 Nc6 3. Bb5 a6 4. Ba4 d6 5. c3 f5 6. exf5 Bxf5 7. d4 e4 8. Bg5 Be7 9. Bxe7 Qxe7 10. Nfd2 Nf6 11. O-O b5 12. Bb3 d5 13. Re1 O-O 14. Nf1 Qd6 15. Ng3 Bg6 16. Nd2 Kh8 17. Ndf1 Ne7 18. Ne3 Qf4 19. Qe2 c6 20. a4 h5 21. axb5 axb5 22. h3 h4 23. Ngf1 Nf5 24. Nxf5 Bxf5 25. Qe3 Nh5 26. Rxa8 Rxa8 27. Bd1 Qxe3 28. Nxe3 Bg6 29. Bg4 Be8 30. Nf5 Ra2 31. Rb1 Nf4 32. Nxh4 Nd3 33. Nf5 Nxb2 34. Nd6 Bg6 35. Bd7 Nd3 36. Rf1 Rc2 37. Bxc6 Rxc3 38. Bxd5 b4 39. Bxe4 Bxe4 40. Nxe4 Rc2 41. d5 Ne5 42. d6 b3 43. Rb1 b2 44. f4 Rc1+ 45. Kh2 Rxb1 46. fxe5 Rd1 47. Nc3 Rd3 48. Nb1 Kg8 0-1


[Site "https://www.chess.com"]

[Event "Titled Tuesday Blitz February 14 Late 2023"]
[White "FuenfgegenWilly"]
[Black "Reprintsev, Alexander"]
[BlackFideId "14100541"]
[WhiteElo "2322"]
[BlackElo "2253"]
[Result "0-1"]
[Round "02"]
[TimeControl "180+2"]
[Date "2023.02.14"]
[WhiteClock "0:00:02"]
[BlackClock "0:00:43"]

1. e4 d5 2. exd5 Qxd5 3. Nc3 Qa5 4. Bc4 Nf6 5. d3 Bg4 6. f3 Be6 7. Bxe6 fxe6 8. Bd2 Nc6 9. Nge2 O-O-O 10. Ne4 Qb6 11. Bc3 e5 12. Qd2 e6 13. O-O-O Nd4 14. Bxd4 exd4 15. Qf4 Nd5 16. Qe5 Ne3 17. Rd2 Rd5 18. Qg3 Rb5 19. c3 Ba3 20. Qxg7 Rd8 21. Nxd4 Bxb2+ 22. Rxb2 Rxb2 23. Nb3 Rxa2 24. Nec5 Rxg2 25. Qe5 Rc2+ 26. Kb1 Re2 27. Qxe6+ Qxe6 28. Nxe6 Rg8 29. Nbd4 Rd2 30. Nf4 c5 31. Nde6 b6 32. Re1 Rxh2 33. d4 Nc2 34. Rc1 Na3+ 35. Ka1 c4 36. d5 Rd2 0-1


[Site "https://www.chess.com"]

[Event "Titled Tuesday Blitz February 14 Late 2023"]
[White "Petrovic, Aleksa"]
[Black "Alfaro, William"]
[WhiteFideId "967629"]
[BlackFideId "6100457"]
[WhiteElo "2332"]
[BlackElo "2134"]
[Result "1/2-1/2"]
[Round "02"]
[TimeControl "180+2"]
[Date "2023.02.14"]
[WhiteClock "0:00:19"]
[BlackClock "0:00:33"]

1. d4 Nf6 2. c4 e5 3. dxe5 Ng4 4. Nf3 Bc5 5. Bg5 Bxf2+ 6. Kd2 f6 7. exf6 gxf6 8. Bf4 Qe7 9. Nc3 Be3+ 10. Bxe3 Qxe3+ 11. Kc2 d6 12. Qd3 Qxd3+ 13. exd3 Bf5 14. Re1+ Kd8 15. Kd2 Nc6 16. h3 Nge5 17. Nxe5 fxe5 18. g4 Bg6 19. Bg2 Kd7 20. h4 Nd4 21. h5 Bf7 22. Rhf1 Be6 23. Ne4 Raf8 24. g5 c6 25. g6 hxg6 26. hxg6 Rxf1 27. Rxf1 Rh2 28. Rf2 Nf5 29. Ng5 Nh4 30. Nxe6 Kxe6 31. g7 Nf3+ 32. Bxf3 Rxf2+ 33. Ke3 Rxf3+ 34. Kxf3 Kf7 35. Ke4 Kxg7 36. c5 Kf6 37. cxd6 Ke6 38. d7 Kxd7 39. Kxe5 c5 40. Kd5 b6 41. a4 a5 42. Kc4 Kc6 43. b3 Kc7 44. Kb5 Kb7 45. Kc4 Kc6 46. d4 cxd4 47. Kxd4 Kd6 48. Kc4 Kc6 49. Kd4 Kd6 50. b4 axb4 51. Kc4 b3 52. Kxb3 Kc5 53. Kc3 b5 54. a5 b4+ 55. Kb3 Kb5 56. a6 Kxa6 57. Kxb4 1/2-1/2


[Site "https://www.chess.com"]

[Event "Titled Tuesday Blitz February 14 Late 2023"]
[White "Liu, Casper"]
[Black "Fiorito, Francisco"]
[WhiteFideId "1454153"]
[BlackFideId "180165"]
[WhiteElo "2278"]
[BlackElo "2305"]
[Result "0-1"]
[Round "02"]
[TimeControl "180+2"]
[Date "2023.02.14"]
[WhiteClock "0:00:17"]
[BlackClock "0:00:22"]

1. d4 Nf6 2. Nf3 g6 3. h4 h5 4. c4 Bg7 5. Nc3 d5 6. cxd5 Nxd5 7. e4 Nxc3 8. bxc3 c5 9. Bb5+ Bd7 10. Bxd7+ Nxd7 11. Be3 Qa5 12. Qd2 Nb6 13. O-O Nc4 14. Qd3 Nxe3 15. fxe3 O-O 16. e5 e6 17. Ng5 cxd4 18. exd4 Rac8 19. Nxe6 fxe6 20. Qxg6 Qxc3 21. Qxe6+ Kh8 22. Rad1 Qe3+ 23. Kh1 Qe4 24. Rde1 Qxh4+ 25. Kg1 Qxd4+ 26. Kh2 Rce8 27. Qg6 Bxe5+ 28. g3 Rf2+ 29. Rxf2 Qxf2+ 30. Kh3 Re7 31. Qh6+ Kg8 32. Qg6+ Kf8 33. Rd1 Qf7 34. Rd8+ Re8 35. Qh6+ Bg7 36. Qd6+ Kg8 37. Rxe8+ Qxe8 38. Qd5+ Qf7 39. Qd8+ Kh7 40. Qd3+ Qg6 41. Qd5 Qg4+ 42. Kg2 h4 43. Qd3+ Qg6 44. Qxg6+ Kxg6 45. gxh4 Kh5 46. Kg3 Be5+ 47. Kf3 Kxh4 48. Ke4 Bc7 49. Kd5 Kg5 50. Ke6 Kf4 51. Kd7 Be5 52. Kc8 b5 53. Kb7 Bd4 54. Ka6 b4 55. Kb5 Bc3 56. Kc4 Ke3 57. a3 a5 58. axb4 axb4 59. Kb3 Kd4 60. Kc2 Kc4 61. Kb1 Kb3 62. Kc1 Ka2 63. Kc2 Bh8 64. Kd3 b3 65. Kd2 b2 66. Ke2 b1=Q 67. Kd2 Qb3 68. Kc1 Bf6 69. Kd2 Bg5+ 70. Ke1 Qe3+ 71. Kf1 Bh4 72. Kg2 Qf2+ 73. Kh1 Qf3+ 74. Kg1 Bf2+ 75. Kh2 Qg3+ 76. Kh1 Qg1# 0-1


[Site "https://www.chess.com"]

[Event "Titled Tuesday Blitz February 14 Late 2023"]
[White "Bogaudinov, Rushan"]
[Black "Jeet, Jain"]
[WhiteFideId "4129288"]
[BlackFideId "5073022"]
[WhiteElo "1939"]
[BlackElo "2199"]
[Result "0-1"]
[Round "02"]
[TimeControl "180+2"]
[Date "2023.02.14"]
[WhiteClock "0:00:05"]
[BlackClock "0:00:19"]

1. a3 a5 2. d4 Nf6 3. g3 g6 4. Bg2 Bg7 5. e4 d6 6. f4 O-O 7. Nc3 Nbd7 8. e5 Ne8 9. Nf3 c5 10. Be3 cxd4 11. Bxd4 dxe5 12. fxe5 e6 13. O-O Nc7 14. Ne4 Nd5 15. c4 Ne7 16. g4 Nc6 17. Bc3 Ndxe5 18. Nxe5 Nxe5 19. Qe2 Qc7 20. Nf6+ Bxf6 21. Rxf6 Nxc4 22. Rc1 Ra6 23. Bd4 b5 24. b3 Qd8 25. Ba1 Qb6+ 26. Rf2 Ne3 27. Rc6 Qa7 28. Qb2 f6 29. Rxa6 Bxa6 30. Bf3 e5 31. g5 Bb7 32. gxf6 Bxf3 33. Qxe5 Nf5 34. Qe6+ Qf7 35. Qxf7+ Kxf7 36. Rxf3 Rd8 37. Bc3 a4 38. bxa4 bxa4 39. Kf2 h5 40. Ke2 Re8+ 41. Kd2 Re4 42. Rd3 Ke6 43. Kc2 Rh4 44. Rd2 g5 45. Re2+ Kf7 46. Re5 Rf4 47. Ra5 h4 48. Ra7+ Kg6 49. f7 Nd6 50. Be5 Rxf7 51. Ra6 Kf5 52. Bxd6 Rf6 53. Ra5+ Kg4 54. Bc7 Rc6+ 55. Kd3 Rxc7 56. Rxa4+ Kh3 57. Ra5 g4 58. Rd5 Ra7 59. a4 Rxa4 60. Ke3 Kxh2 61. Rd2+ Kh3 62. Kf2 g3+ 63. Ke2 g2 64. Kf2 Rf4+ 65. Ke2 g1=Q 66. Rd3+ Kh2 0-1


[Site "https://www.chess.com"]

[Event "Titled Tuesday Blitz February 14 Late 2023"]
[White "Toncheva, Nadya"]
[Black "Piriflillo"]
[WhiteFideId "2924056"]
[WhiteElo "2295"]
[BlackElo "2322"]
[Result "1/2-1/2"]
[Round "02"]
[TimeControl "180+2"]
[Date "2023.02.14"]
[WhiteClock "0:00:07"]
[BlackClock "0:00:03"]

1. e4 e5 2. Nf3 Nc6 3. Bb5 a6 4. Ba4 Nf6 5. O-O Nxe4 6. Re1 Nc5 7. Nxe5 Nxe5 8. Rxe5+ Be7 9. Bb3 Nxb3 10. axb3 O-O 11. d4 d6 12. Re1 Bf6 13. Nc3 c6 14. Bf4 d5 15. Be5 Be7 16. Qf3 f6 17. Bg3 Re8 18. Re2 Bf8 19. Rae1 Bd7 20. h3 Qa5 21. Qd3 Bb4 22. Rxe8+ Rxe8 23. Rxe8+ Bxe8 24. Kh2 Qd8 25. Na4 Bg6 26. Qe2 Qe7 27. Qg4 h5 28. Qc8+ Kh7 29. c3 Bd6 30. b4 Bxg3+ 31. fxg3 Qe2 32. h4 Be4 33. Qh3 g5 34. hxg5 fxg5 35. g4 Kg7 36. gxh5 g4 37. Qg3 Kh6 38. Nc5 Kxh5 39. Ne6 Qxb2 40. Nf4+ Kg5 41. Ne6+ Kf6 42. Qxg4 Bf5 43. Qg7+ Kxe6 44. Qg8+ Kd6 45. Qf8+ Ke6 46. Qg8+ Kd6 47. Qf8+ Ke6 48. Qg8+ 1/2-1/2


[Site "https://www.chess.com"]

[Event "Titled Tuesday Blitz February 14 Late 2023"]
[White "Benmesbah, Natacha"]
[Black "Strahov, Andrej"]
[WhiteFideId "642002"]
[BlackFideId "4165489"]
[WhiteElo "2261"]
[BlackElo "2398"]
[Result "1-0"]
[Round "02"]
[TimeControl "180+2"]
[Date "2023.02.14"]
[WhiteClock "0:01:21"]
[BlackClock "0:01:27"]

1. e4 d5 2. exd5 Qxd5 3. Nc3 Qa5 4. d4 Nf6 5. Bc4 Bf5 6. Nf3 e6 7. Ne5 Nbd7 8. Bf4 c6 9. Qd2 Be7 10. O-O O-O 11. a3 Nxe5 12. dxe5 Nd5 13. Nxd5 Qxd2 14. Nxe7+ Kh8 15. Bxd2 Bxc2 16. Rac1 Ba4 17. b3 Rfe8 18. bxa4 Rxe7 19. Bb4 1-0


[Site "https://www.chess.com"]

[Event "Titled Tuesday Blitz February 14 Late 2023"]
[White "Bas Mas, Jose Joaquin"]
[Black "Ardila, Oscar Humberto"]
[WhiteFideId "22219064"]
[BlackFideId "4404742"]
[WhiteElo "2197"]
[BlackElo "1982"]
[Result "1-0"]
[Round "02"]
[TimeControl "180+2"]
[Date "2023.02.14"]
[WhiteClock "0:02:14"]
[BlackClock "0:02:06"]

1. e4 e5 2. Bc4 Nf6 3. d3 Bc5 4. Nc3 d6 5. f4 Bg4 6. Nf3 Nc6 7. h3 Bxf3 8. Qxf3 Nd4 9. Qg3 Nxc2+ 10. Kd1 Nxa1 11. Qxg7 Rf8 12. fxe5 Nh5 13. Qg4 dxe5 14. Qxh5 Qf6 15. Nd5 Qf2 16. Qxe5+ Kd8 17. Qxc7+ Ke8 18. Bb5# 1-0


[Site "https://www.chess.com"]

[Event "Titled Tuesday Blitz February 14 Late 2023"]
[White "Santos Flores, Alberto"]
[Black "Buscar, Michael"]
[WhiteFideId "3601234"]
[BlackFideId "2603616"]
[WhiteElo "2164"]
[BlackElo "2041"]
[Result "1-0"]
[Round "02"]
[TimeControl "180+2"]
[Date "2023.02.14"]
[WhiteClock "0:01:30"]
[BlackClock "0:01:36"]

1. e4 c5 2. Nf3 Nc6 3. Nc3 Nf6 4. d4 cxd4 5. Nxd4 e5 6. Ndb5 h6 7. Nd6+ Bxd6 8. Qxd6 Qe7 9. Qxe7+ Kxe7 10. Bc4 Rd8 11. Be3 d6 12. O-O-O Be6 13. Nd5+ Bxd5 14. Bxd5 Nxd5 15. Rxd5 Ke6 16. a3 f5 17. f3 Ne7 18. Rd3 d5 19. exd5+ Rxd5 20. Rhd1 b6 21. Bf2 Rad8 22. Rxd5 Rxd5 23. c4 Rxd1+ 24. Kxd1 g5 25. Kc2 Kd6 26. b4 Ng6 27. g4 f4 28. Kd3 Nf8 29. c5+ Kc6 30. cxb6 axb6 31. Ke4 Nd7 32. a4 Kd6 33. a5 bxa5 34. bxa5 Kc6 35. a6 1-0


[Site "https://www.chess.com"]

[Event "Titled Tuesday Blitz February 14 Late 2023"]
[White "Leonte, Sebastian-Marian"]
[Black "Ramirez Allo, Eduardo"]
[WhiteFideId "1268767"]
[BlackFideId "2224178"]
[WhiteElo "1279"]
[BlackElo "2274"]
[Result "0-1"]
[Round "02"]
[TimeControl "180+2"]
[Date "2023.02.14"]
[WhiteClock "0:00:01"]
[BlackClock "0:00:10"]

1. e4 e6 2. d4 d5 3. Nc3 Nf6 4. e5 Nfd7 5. f4 c5 6. Nf3 Nc6 7. Be3 a6 8. Qd2 b5 9. dxc5 Nxc5 10. Qf2 Nd7 11. O-O-O b4 12. Ne2 a5 13. Ned4 Qc7 14. Nxc6 Qxc6 15. Nd4 Qc7 16. Kb1 Be7 17. Bd3 Ba6 18. f5 Bxd3 19. cxd3 Ra6 20. Rc1 Qb7 21. Qg3 g6 22. fxe6 fxe6 23. Rhf1 Rf8 24. Qh3 Rxf1 25. Rxf1 Nf8 26. Bh6 Qb6 27. Qg4 Nd7 28. Bg7 Kd8 29. Rf7 Bc5 30. Nb3 a4 31. Nxc5 Qxc5 32. Bf6+ Kc8 33. Re7 Rc6 0-1


[Site "https://www.chess.com"]

[Event "Titled Tuesday Blitz February 14 Late 2023"]
[White "Georg, Heinz"]
[Black "Krishnan, Varun"]
[WhiteFideId "4607295"]
[BlackFideId "5054508"]
[WhiteElo "2107"]
[BlackElo "2341"]
[Result "0-1"]
[Round "02"]
[TimeControl "180+2"]
[Date "2023.02.14"]
[WhiteClock "0:01:00"]
[BlackClock "0:00:43"]

1. e4 c5 2. Nf3 d6 3. Bb5+ Nd7 4. O-O a6 5. Be2 Ngf6 6. d3 g6 7. c4 Bg7 8. Nc3 O-O 9. h3 Rb8 10. Be3 b5 11. cxb5 axb5 12. a3 Ba6 13. b4 Qc7 14. Rc1 Rfc8 15. Qd2 c4 16. d4 e5 17. Qc2 exd4 18. Bxd4 Ne5 19. Nxe5 dxe5 20. Bc5 Bf8 21. Bxf8 Rxf8 22. Rfd1 Rfd8 23. Nd5 Nxd5 24. exd5 Bb7 25. Bf3 Rd6 26. a4 bxa4 27. Qxc4 Qxc4 28. Rxc4 Rbd8 29. Rc5 f5 30. Ra1 e4 31. Be2 Bxd5 32. Rxd5 Rxd5 33. Bc4 Kg7 34. Bxd5 Rxd5 35. Rxa4 Rd1+ 36. Kh2 Rf1 37. Kg3 g5 38. f3 e3 39. h4 e2 40. Ra7+ Kf6 41. hxg5+ Kxg5 42. f4+ Kf6 43. Ra6+ Ke7 44. Ra7+ Kd6 45. Ra6+ Kc7 0-1


[Site "https://www.chess.com"]

[Event "Titled Tuesday Blitz February 14 Late 2023"]
[White "Ehlvest, Jaan"]
[Black "Rios Escobar, Adan"]
[WhiteFideId "4500016"]
[BlackFideId "3403645"]
[WhiteElo "2530"]
[BlackElo "2234"]
[Result "1-0"]
[Round "02"]
[TimeControl "180+2"]
[Date "2023.02.14"]
[WhiteClock "0:02:12"]
[BlackClock "0:00:02"]

1. e4 c5 2. Nf3 d6 3. Bb5+ Nd7 4. a4 Nf6 5. Nc3 e6 6. O-O a6 7. Be2 b6 8. d4 cxd4 9. Qxd4 Bb7 10. Rd1 Be7 11. Nd2 O-O 12. Nc4 Qc7 13. Bg5 h6 14. Be3 Rac8 15. Nxd6 Bxd6 16. Qxd6 Qxd6 17. Rxd6 Bc6 18. Bxa6 Rc7 19. f3 Ra8 20. Bf1 b5 21. Nxb5 Bxb5 22. Bxb5 Ne5 23. c3 Nc4 24. Bxc4 Rxc4 25. a5 Ne8 26. Rb6 Nc7 27. a6 Rf8 28. a7 Na8 29. Rb8 Rcc8 30. Bf4 f6 31. Ra5 e5 32. Rxc8 Rxc8 33. Be3 Kf7 34. Rb5 Nc7 35. Rb8 Re8 36. b4 Ke7 37. b5 Kd7 38. b6 Na8 39. b7 Nc7 40. Rxe8 Nxe8 41. b8=Q Ke7 42. a8=Q Kf7 43. Qxe8# 1-0


[Site "https://www.chess.com"]

[Event "Titled Tuesday Blitz February 14 Late 2023"]
[White "Slavin, Alexey"]
[Black "Jimenez Almeida, Luis David"]
[WhiteFideId "24104388"]
[BlackFideId "22242244"]
[WhiteElo "2364"]
[BlackElo "2242"]
[Result "0-1"]
[Round "02"]
[TimeControl "180+2"]
[Date "2023.02.14"]
[WhiteClock "0:00:01"]
[BlackClock "0:00:19"]

1. e4 c6 2. d4 Na6 3. Nf3 g6 4. Be3 Bg7 5. Qd2 Nc7 6. Be2 d6 7. h3 Nf6 8. Bd3 O-O 9. Bh6 e5 10. Bxg7 Kxg7 11. Kf1 Qe7 12. Nc3 h6 13. Kg1 a5 14. Kh2 exd4 15. Ne2 c5 16. Ng3 b5 17. b3 Bb7 18. Rhe1 Qd7 19. Nh4 Kh7 20. e5 dxe5 21. Rxe5 Qd6 22. Rae1 Rae8 23. f4 Ncd5 24. Bxb5 Rb8 25. Bd3 Rbd8 26. a3 Ne3 27. R1xe3 dxe3 28. Qxe3 Rfe8 29. Qxc5 Qxc5 30. Rxc5 a4 31. b4 Nd5 32. f5 g5 33. f6+ Kg8 34. Nhf5 Nf4 35. Nxh6+ Kf8 36. Bb5 Rd2 37. Bf1 Bxg2 38. Rxg5 Bxf1+ 39. Kg1 Ng6 40. Nxf1 Re1 0-1


[Site "https://www.chess.com"]

[Event "Titled Tuesday Blitz February 14 Late 2023"]
[White "Riff, Vincent"]
[Black "Bulgurlu, Okan"]
[WhiteFideId "617776"]
[BlackFideId "6352316"]
[WhiteElo "2383"]
[BlackElo "1908"]
[Result "1-0"]
[Round "02"]
[TimeControl "180+2"]
[Date "2023.02.14"]
[WhiteClock "0:01:02"]
[BlackClock "0:00:19"]

1. e4 e5 2. Nc3 Nf6 3. d4 exd4 4. Qxd4 Nc6 5. Qd3 Bc5 6. Bf4 d6 7. Qd2 O-O 8. O-O-O Bb4 9. f3 Be6 10. a3 Bc5 11. g4 b5 12. Bxb5 Nd4 13. Bd3 Rb8 14. g5 Nd7 15. h4 c6 16. Na4 Bb3 17. Nxc5 Nxc5 18. Ne2 Nxf3 19. Qc3 Be6 20. e5 Nxd3+ 21. Rxd3 Bd5 22. Rxf3 Bxf3 23. Qxf3 Qb6 24. b3 dxe5 25. Bxe5 Rbd8 26. Qc3 Rfe8 27. Nf4 Qf2 28. Nd3 Qe3+ 29. Kb2 Rxd3 30. Qxd3 Qxe5+ 31. Qc3 Qd5 32. Rh3 g6 33. Rd3 Qf5 34. Qxc6 Rc8 35. Qd7 Qe5+ 36. Qd4 Qe2 37. Rc3 Re8 38. Qxa7 Qf2 39. Qxf2 1-0


[Site "https://www.chess.com"]

[Event "Titled Tuesday Blitz February 14 Late 2023"]
[White "Chabris, Christopher"]
[Black "Bochnicka, Vladimir"]
[WhiteFideId "2005263"]
[BlackFideId "14943450"]
[WhiteElo "2053"]
[BlackElo "2327"]
[Result "1-0"]
[Round "02"]
[TimeControl "180+2"]
[Date "2023.02.14"]
[WhiteClock "0:00:55"]
[BlackClock "0:01:05"]

1. e4 c5 2. Nf3 Nc6 3. Bb5 e6 4. Bxc6 bxc6 5. d3 Ne7 6. h4 h5 7. Bg5 f6 8. Be3 Ng6 9. d4 cxd4 10. Nxd4 c5 11. Nb3 Bb7 12. Nxc5 Qa5+ 13. c3 Bxc5 14. b4 Bxb4 15. cxb4 Qxb4+ 16. Nd2 Bxe4 17. Rc1 Kf7 18. Rc4 Qb7 19. Nxe4 Qa6 20. Qxd7+ Ne7 21. Rc7 Qa3 22. Bc5 Qc1+ 23. Ke2 Qc4+ 24. Ke3 1-0


[Site "https://www.chess.com"]

[Event "Titled Tuesday Blitz February 14 Late 2023"]
[White "ArchibaldCerveza29"]
[Black "Cueto, Jonny"]
[BlackFideId "3300145"]
[WhiteElo "2469"]
[BlackElo "2122"]
[Result "1-0"]
[Round "02"]
[TimeControl "180+2"]
[Date "2023.02.14"]
[WhiteClock "0:00:07"]
[BlackClock "0:00:51"]

1. e4 e6 2. d4 d5 3. Nd2 Nc6 4. Ngf3 Nf6 5. Bd3 Nb4 6. e5 Nd7 7. Be2 c5 8. c3 Nc6 9. O-O Qb6 10. Nb3 a5 11. dxc5 Bxc5 12. Nxc5 Qxc5 13. Bf4 b6 14. Rc1 Ba6 15. b4 Bxe2 16. Qxe2 Qc4 17. Qe3 O-O 18. h4 Rac8 19. a3 Qb3 20. Nd2 Qxa3 21. Ra1 Qb2 22. Rfb1 Qc2 23. bxa5 Nxa5 24. Rc1 Qf5 25. f3 Nc4 26. Nxc4 Rxc4 27. Bg3 Nc5 28. Rab1 Nd3 29. Rd1 Nc5 30. Rxb6 Rc8 31. Rd6 g6 32. h5 Nb3 33. hxg6 hxg6 34. Qh6 Qh5 35. Qxh5 gxh5 36. Be1 Nc5 37. Rc1 Na4 38. Rb1 Nxc3 39. Bxc3 Rxc3 40. Rb7 Rc1+ 41. Kh2 Rf8 42. Kg3 d4 43. Rxd4 Rc5 44. f4 Kg7 45. Kh4 Kg6 46. Rdd7 Rc3 47. g3 Rc2 48. Kh3 Rc1 49. Kg2 Rc2+ 50. Kf3 Kf5 51. Rxf7+ Rxf7 52. Rxf7+ Kg6 53. Rf6+ Kg7 54. Rxe6 Rc3+ 55. Ke4 Rc4+ 56. Kf5 Rc3 57. Re7+ Kf8 58. Rh7 Rxg3 59. Rxh5 Rg7 60. e6 Ke7 61. Ke5 Rg1 62. f5 Ke8 63. Kf6 Re1 64. Rh8# 1-0


[Site "https://www.chess.com"]

[Event "Titled Tuesday Blitz February 14 Late 2023"]
[White "Rose, Felix"]
[Black "Seletsky, Grigory"]
[WhiteFideId "5105722"]
[BlackFideId "14112191"]
[WhiteElo "2091"]
[BlackElo "2259"]
[Result "1-0"]
[Round "02"]
[TimeControl "180+2"]
[Date "2023.02.14"]
[WhiteClock "0:00:05"]
[BlackClock "0:00:01"]

1. e4 c5 2. Nf3 d6 3. d4 cxd4 4. Nxd4 Nf6 5. Nc3 a6 6. Be3 e5 7. Nb3 Be6 8. f3 Nbd7 9. Qd2 h5 10. O-O-O Qc7 11. Kb1 b5 12. h4 Nb6 13. Bg5 b4 14. Ne2 a5 15. Nbc1 Be7 16. Ng3 Nc4 17. Bxc4 Qxc4 18. Nf1 Rc8 19. Ne3 Qc7 20. Qd3 Kf8 21. Rd2 a4 22. Bxf6 gxf6 23. Nd5 Bxd5 24. Qxd5 a3 25. Nd3 axb2 26. Nxb2 Qc5 27. Qxc5 dxc5 28. Nc4 Rg8 29. Kb2 Rd8 30. Rhd1 Rxd2 31. Rxd2 Ke8 32. Kb3 f5 33. exf5 Bxh4 34. Nxe5 Bf6 35. Nd3 Bc3 36. Re2+ Kf8 37. Nxc5 h4 38. a3 h3 39. gxh3 Rg3 40. axb4 Rxf3 41. Nd3 Bf6 42. Rh2 Bh4 43. b5 Rxf5 44. Kc4 Ke7 45. b6 Kd7 46. Re2 Kc6 47. Ne5+ Kxb6 48. Kd3 Kc5 49. c4 Bg3 50. Nd7+ Kd6 51. Nb6 Ra5 52. Rc2 Be5 53. Ke4 f6 54. Nc8+ 1-0


[Site "https://www.chess.com"]

[Event "Titled Tuesday Blitz February 14 Late 2023"]
[White "Defend, Balint"]
[Black "Onslow, Alfie"]
[WhiteFideId "17004853"]
[BlackFideId "436976"]
[WhiteElo "1673"]
[BlackElo "2157"]
[Result "1-0"]
[Round "02"]
[TimeControl "180+2"]
[Date "2023.02.14"]
[WhiteClock "0:00:44"]
[BlackClock "0:00:01"]

1. e4 c5 2. Nf3 Nc6 3. Bb5 e5 4. O-O Bd6 5. Nc3 Nf6 6. d3 O-O 7. a4 a6 8. Bc4 h6 9. h3 Bc7 10. Nd5 d6 11. c3 Nxd5 12. Bxd5 Be6 13. Be3 Qd7 14. Nd2 b5 15. axb5 axb5 16. Qh5 Bxd5 17. exd5 Ne7 18. c4 Qf5 19. Qxf5 Nxf5 20. b3 b4 21. Ra4 Rxa4 22. bxa4 Ra8 23. Ra1 Kf8 24. Nb3 Ba5 25. Kf1 Ke7 26. Ke2 g5 27. Kd2 Nh4 28. g3 Ng6 29. f3 f5 30. Bf2 Kf6 31. Kc2 h5 32. Nd2 Rh8 33. Rg1 g4 34. h4 Rb8 35. Kb3 f4 36. Ne4+ Ke7 37. fxg4 hxg4 38. h5 Nf8 39. gxf4 exf4 40. Rxg4 Nd7 41. Bh4+ Kf8 42. Rxf4+ Kg8 43. Nf6+ 1-0


[Site "https://www.chess.com"]

[Event "Titled Tuesday Blitz February 14 Late 2023"]
[White "Guzman Moneo, Alberto"]
[Black "Gasparyan, David"]
[WhiteFideId "2209616"]
[BlackFideId "13311980"]
[WhiteElo "2170"]
[BlackElo "2142"]
[Result "1-0"]
[Round "02"]
[TimeControl "180+2"]
[Date "2023.02.14"]
[WhiteClock "0:00:12"]
[BlackClock "0:00:02"]

1. Nf3 Nf6 2. g3 g6 3. Bg2 Bg7 4. O-O O-O 5. c4 d6 6. Nc3 e5 7. d3 Nc6 8. Rb1 a5 9. a3 Be6 10. b4 axb4 11. axb4 Qd7 12. b5 Nd8 13. Ng5 Bf5 14. e4 Bg4 15. f3 Be6 16. Nd5 Bxd5 17. cxd5 h6 18. Nh3 c6 19. bxc6 bxc6 20. dxc6 Nxc6 21. Be3 d5 22. Nf2 d4 23. Bd2 Ra2 24. Ra1 Qa7 25. Rxa2 Qxa2 26. Qc1 Qa6 27. Bxh6 Rc8 28. Bh3 Rb8 29. Bxg7 Kxg7 30. Qg5 Rh8 31. Bg2 Nb4 32. Qxe5 Nxd3 33. Qxd4 Nxf2 34. Rxf2 Qe6 35. e5 Nd7 36. f4 Kh7 37. Bd5 Qg4 38. Bxf7 Rb8 39. Ba2 Qh3 40. e6 Nb6 41. e7 Rc8 42. Rf1 Rc2 43. Qh8+ Kxh8 44. e8=Q+ Kh7 45. Qf7+ Kh6 46. Qf8+ Kh5 47. Qh8+ Kg4 48. Be6# 1-0


[Site "https://www.chess.com"]

[Event "Titled Tuesday Blitz February 14 Late 2023"]
[White "Sliwicki, Damian"]
[Black "Kochetov, Andrey"]
[WhiteFideId "1127128"]
[BlackFideId "24130532"]
[WhiteElo "2158"]
[BlackElo "2165"]
[Result "1-0"]
[Round "02"]
[TimeControl "180+2"]
[Date "2023.02.14"]
[WhiteClock "0:02:04"]
[BlackClock "0:02:07"]

1. e4 c5 2. Nf3 d6 3. d4 cxd4 4. Qxd4 Nf6 5. Bg5 e6 6. Nc3 Be7 7. O-O-O a6 8. e5 dxe5 9. Qc4 Nfd7 10. Bxe7 Qxe7 11. Qxc8+ Qd8 12. Qxb7 Nc6 13. Qxc6 Rc8 14. Qa4 Rc7 15. Nxe5 1-0


[Site "https://www.chess.com"]

[Event "Titled Tuesday Blitz February 14 Late 2023"]
[White "Kavutskiy, Konstantin"]
[Black "Mendez Machado, Andre"]
[WhiteFideId "2026384"]
[BlackFideId "6603793"]
[WhiteElo "2414"]
[BlackElo "1974"]
[Result "1-0"]
[Round "02"]
[TimeControl "180+2"]
[Date "2023.02.14"]
[WhiteClock "0:02:07"]
[BlackClock "0:00:34"]

1. d4 Nf6 2. Bg5 d5 3. Nd2 h6 4. Bh4 e6 5. e3 Be7 6. c3 c5 7. Bd3 Nbd7 8. f4 a6 9. Ngf3 b5 10. O-O Bb7 11. Ne5 Ne4 12. Bxe7 Qxe7 13. Nxd7 Nxd2 14. Qxd2 Qxd7 15. f5 c4 16. Bc2 O-O 17. f6 g6 18. e4 Kh7 19. e5 b4 20. Rf4 1-0


[Site "https://www.chess.com"]